Construct Section Command Post
Construct Platoon Command Post
6-pounder Anti-tank Gun Team
Selects Heavy Armor Battlegroup
Selects Rigorous Vehicle Training
Unlock M3 Stuart Light Tanks
Selects Rigorous Vehicle Training
Selects Light Vehicle Withdraw and Refit
Selects Designate Targets
Construct Field Infirmary
Construct Company Command Post
Selects Forward Repair Assembly
Selects UNKNOWN (2162094)
6-pounder Anti-tank Gun Team